AoeStats
← Powned

Lombardia

510000402Analyzed
2v2 RM · 4d ago on Sep 29, 2026· 70m 45s· 4 players
Game mode
Random Map
Map size
Medium (4 player)
Population
200
Speed
Normal
Resources
Standard
Victory
Conquest
Starting age
Dark Age
Ending age
Imperial Age
RankedLock teamsTeams togetherTeam positionsShared explorationLock speedFull tech treeHidden civsTurbo modeCheats
Victory
Defeat
🇦🇷 Burgundians · Argentina
1144
+20
🇲🇽 Danes · Mexico
1114
+21
🇺🇸 Varangians · United States
1234
-21
🇺🇸 Saxons · United States
1209
-20
arsmx
11:24 Feudal Age
13:54 Loom
16:45 Castle Age
18:00 Stone Mining
21:09 Double-Bit Axe
23:55 Arson
26:38 Scale Mail Armor
27:09 Squires
27:49 Horse Collar
29:34 Chain Mail Armor
35:13 Imperial Age
33:52 Forging
33:33 Fletching
35:12 Wheelbarrow
34:44 Bodkin Arrow
35:49 Bow Saw
36:29 Conscription
37:23 Plate Mail Armor
37:36 Stone Shaft Mining
36:54 Gold Mining
37:53 Elite Skirmisher
40:40 Padded Archer Armor
40:40 Bracer
42:01 Leather Archer Armor
42:50 Pikeman
43:41 Halberdier
44:42 Hand Cart
44:13 Town Watch
45:04 Ring Archer Armor
44:57 Ballistics
51:06 Town Patrol
51:33 Thumb Ring
51:15 Elite Jomsviking
54:36 Forging
56:18 Iron Casting
57:30 Gold Shaft Mining
61:58 Blast Furnace
64:53 Elite Varangian Guard
71:17 Caravan
Powned
10:50 Feudal Age
10:26 Double-Bit Axe
12:06 Loom
15:04 Castle Age
13:03 Horse Collar
16:45 Bow Saw
17:34 Heavy Plow
21:50 Two-Man Saw
22:07 Crop Rotation
22:31 Wheelbarrow
23:00 Gold Mining
24:27 Forging
24:22 Scale Barding Armor
24:49 Hand Cart
24:59 Town Watch
25:08 Town Watch
26:56 Iron Casting
26:18 Cavalier
26:58 Husbandry
30:39 Gold Shaft Mining
30:40 Chain Barding Armor
34:34 Imperial Age
34:11 Stone Mining
35:02 Paladin
38:30 Blast Furnace
38:06 Plate Barding Armor
38:55 Flemish Revolution
39:36 Burgundian Vineyards
40:36 Conscription
41:27 Town Patrol
60:46 Caravan
65:38 Guilds
APTokyo
10:48 Feudal Age
14:45 Castle Age
13:18 Stone Mining
13:21 Double-Bit Axe
14:01 Horse Collar
14:31 Loom
17:14 Bow Saw
21:28 Heavy Plow
22:51 Wheelbarrow
23:46 Town Watch
24:47 Hand Cart
24:47 Gold Mining
25:09 Fletching
24:52 Crossbowman
26:23 Bodkin Arrow
27:12 Thumb Ring
28:14 Ballistics
28:12 Padded Archer Armor
29:10 Leather Archer Armor
33:36 Imperial Age
32:10 Masonry
31:40 Treadmill Crane
32:13 Fortified Wall
34:39 Bracer
35:40 Chemistry
35:12 Architecture
36:19 Guilds
35:51 Arbalester
37:03 Ring Archer Armor
37:01 Conscription
37:05 Scale Mail Armor
39:20 Hoardings
40:07 Chain Mail Armor
40:02 Forging
41:09 Pikeman
41:49 Squires
41:35 Arson
42:23 Plate Mail Armor
42:28 Iron Casting
41:50 Halberdier
42:53 Elite Varangian Guard
44:36 Siege Engineers
45:10 Caravan
45:19 Shield Wall
55:39 Town Patrol
56:51 Gambesons
69:43 Coinage
PaperDrake921
7:28 Loom
9:45 Feudal Age
10:27 Double-Bit Axe
11:01 Horse Collar
11:43 Bloodlines
16:56 Wheelbarrow
21:20 Castle Age
22:35 Bow Saw
23:16 Scale Barding Armor
23:21 Forging
24:30 Town Watch
33:45 Imperial Age
35:11 Gold Mining
35:09 Light Cavalry
36:19 Conscription
39:28 Chain Barding Armor
39:44 Iron Casting
38:51 Vendel Legacy
40:00 Cavalier
40:41 Husbandry
42:07 Plate Barding Armor
45:16 Caravan
45:20 Hussar
47:33 Blast Furnace
48:28 Scale Mail Armor
48:57 Squires
48:56 Gambesons
48:34 Pikeman
50:31 Chain Mail Armor
51:43 Plate Mail Armor
53:35 Fletching
63:28 Halberdier
63:54 Gambesons
69:48 Man-at-Arms
70:21 Long Swordsman
Connection lost

Rejoining the realm…

Still unreachable

The connection could not be restored.

Session expired

The server has moved on; the page needs a fresh start.